 Dungeon Crawl Stone Soup version 0.28.0-53-g5a82cb258f (webtiles) character file.

Game seed: 2249411063723669792

210 styxcanada the Sneak (level 5, -8/39 HPs)
             Began as a Spriggan Brigand on July 30, 2022.
             Was an Initiate of Gozag.
             Mangled by an iguana (13 damage)
             ... on level 4 of the Dungeon.
             The game lasted 00:16:28 (4649 turns).

styxcanada the Sneak (Spriggan Brigand)             Turns: 4649, Time: 00:16:29

Health: -8/39      AC:  3    Str:  7    XL:     5   Next: 56%
Magic:  9/9        EV: 17    Int: 18    God:    Gozag
Gold:   71         SH:  0    Dex: 19    Spells: 6/8 levels left

rFire   . . .      SeeInvis +   v - +2 dagger (venom)
rCold   . . .      Faith    .   (no shield)
rNeg    . . .      Spirit   .   b - +0 robe
rPois   .          Reflect  .   (helmet restricted)
rElec   .          Harm     .   c - +0 cloak
rCorr   .          Rampage  .   (gloves unavailable)
Will    .....                   (boots unavailable)
Stlth   ..........              (no amulet)
HPRegen 0.13/turn               g - ring of flight
MPRegen 0.11/turn               l - +6 ring of intelligence

@: berserking, flying, very quick
A: very small, no large weapons, unfitting armour, see invisible, speed 3
a: Renounce Religion, Potion Petition, Call Merchant, Bribe Branch


You were on level 4 of the Dungeon.
You worshipped Gozag.
Gozag was noncommittal.
You visited 2 branches of the dungeon, and saw 6 of its levels.

You collected 94 gold pieces.
You paid 23 gold pieces to Gozag.

Inventory:

Hand Weapons
 a - a +2 dagger
 v - a +2 dagger of venom (weapon)
Missiles
 d - 5 poisoned darts
 e - 4 curare-tipped darts (quivered)
 h - 101 stones
 r - 20 sling bullets
 w - a throwing net
Armour
 b - a +0 robe (worn)
 c - a +0 cloak (worn)
Magical Staves
 t - a staff of air
Jewellery
 g - a ring of flight (left hand)
 l - a +6 ring of intelligence (right hand)
Scrolls
 o - 2 scrolls of torment
Potions
 f - a potion of ambrosia {unknown}
 j - a potion of might
 k - 2 potions of lignification
 m - a potion of haste {unknown}
 p - 3 potions of curing


   Skills:
 * Level 2.0 Fighting
 + Level 2.9 Short Blades
 + Level 2.4 Throwing
 * Level 2.6 Dodging
 * Level 7.8 Stealth
 * Level 2.0 Spellcasting
 * Level 1.1 Air Magic
 * Level 1.2 Poison Magic


You had 6 spell levels left.
You knew the following spells:

 Your Spells              Type           Power      Damage    Failure   Level
a - Poisonous Vapours     Pois/Air       10%        N/A       17%         2

Your spell library contained the following spells:

 Spells                   Type           Power      Damage    Failure   Level
 Corpse Rot               Necr/Air       6%         N/A       22%         2


Dungeon Overview and Level Annotations

Branches:
Dungeon (5/15)             Temple (1/1) D:4

Altars:
Ashenzari
Cheibriados
Elyvilon
Gozag
Kikubaaqudgha
Makhleb
Nemelex Xobeh
Sif Muna
Trog
The Shining One


Innate Abilities, Weirdness & Mutations

You are very small and have problems with some larger weapons.
You are too small for most types of armour.
You have supernaturally acute eyesight. (SInv)
You cover ground extremely quickly. (Speed+++)


Message History

You hit the orc wizard.
The orc wizard is moderately wounded.
You barely miss the orc wizard.
The orc wizard is moderately wounded.
The orc wizard barely misses you.
You hit the orc.
The orc is poisoned.
The orc is lightly wounded.
The orc hits you with a +0 dagger. The orc wizard misses you.
The orc misses you. The iguana closely misses you. The orc closely misses you.
The orc wizard barely misses you. The orc barely misses you.
You fly upwards.
There is a stone staircase leading down here.
You barely miss the iguana. The iguana misses you.
The orc completely misses you.
The orc wizard hits you with a +0 dagger.
The orc closely misses you.
Unknown command.
You hit the iguana but do no damage. The iguana closely misses you.
The orc barely misses you.
The orc wizard hits you with a +0 dagger.
The orc hits you but does no damage.
Unknown command.
You hit the orc wizard but do no damage.
The orc wizard is moderately wounded.
The iguana bites you. The orc hits you with a +0 dagger.
You miss the orc wizard.
The orc wizard is moderately wounded.
The orc wizard points at you and mumbles some strange words.
The magic dart hits you!
* * * LOW HITPOINT WARNING * * *
The orc hits you with a +0 club.
* * * LOW HITPOINT WARNING * * *
The iguana closely misses you.
A red film seems to cover your vision as you go berserk!
You feel yourself moving faster!
You feel mighty! The orc closely misses you. The orc wizard closely misses you.
The orc closely misses you. The iguana bites you!
You die...
Your body crumbles into a pile of gold.

..........##...#
..........###..##
........### #...#
........# ##..#
........# #..#
........# #..#
####....# ##.##
#.#### #lo# #
#.#### #o@# #
#....# ##o# #
#....# #.# #
#....########.# #
#.............# #
##...######.### #
##### #.# #.# #.#


You could see an iguana, an orc wizard and 2 orcs.

Vanquished Creatures
  A centaur zombie (D:4)
  5 gnolls
  5 adders
  A shadow imp (D:3)
  A dart slug (D:3)
  5 orcs
  5 bats (D:1)
  4 endoplasms
  A giant cockroach (D:1)
  10 hobgoblins
  2 jackals (D:1)
  4 quokkas
  5 ball pythons
  11 goblins
  5 kobolds
  3 rats
68 creatures vanquished.

Notes
Turn   | Place    | Note
-------+----------+-------------------------------------------
     0 | D:1      | styxcanada the Spriggan Brigand began the quest for the
                  | Orb.
     0 | D:1      | Reached XP level 1. HP: 10/10 MP: 2/2
    56 | D:1      | Reached skill level 6 in Stealth
   370 | D:1      | Reached XP level 2. HP: 14/14 MP: 3/3
   619 | D:1      | Reached skill level 7 in Stealth
  1209 | D:2      | Found a faded altar of an unknown god.
  1261 | D:2      | Reached XP level 3. HP: 18/18 MP: 4/4
  1264 | D:2      | Learned a level 2 spell: Poisonous Vapours
  1446 | D:2      | Identified the +1 chain mail "Piech" {Int+3 Dex+7}
  1475 | D:2      | Found a shimmering blue altar of Sif Muna.
  2112 | D:2      | Reached skill level 1 in Spellcasting
  2598 | D:3      | Reached XP level 4. HP: 21/23 MP: 4/6
  3056 | D:3      | Reached XP level 5. HP: 26/26 MP: 8/8
  3076 | D:3      | Reached skill level 1 in Poison Magic
  3642 | D:4      | Found a broken altar of Ashenzari.
  3887 | D:4      | Reached skill level 1 in Air Magic
  4569 | D:4      | Found a staircase to the Ecumenical Temple.
  4578 | Temple   | Entered the Ecumenical Temple
  4595 | Temple   | Became a worshipper of Gozag Ym Sagoz the Greedy
  4639 | D:5      | Entered Level 5 of the Dungeon
  4649 | D:4      | Mangled by an iguana

Illustrated notes

Levels and vault maps discovered:
D:1:      evilmike_arrival_plus, layout_basic
D:2:      minmay_door_path, layout_basic, ebering_ecumenical_altar_mist,
          basic_altar
D:3:      kennysheep_the_goblin_king, layout_basic
D:4:      layout_basic, nicolae_ashenzari_skybound, temple_statues, sigmund_army
D:5:      layout_loops_cross, old_standard_altar
Temple:   eino_temple_rhombus

Skill      XL: |  1  2  3  4  5 |
---------------+----------------+-----
Stealth        | 6 7 |  7.8
Spellcasting   | 1 2 |  2.0
Dodging        | 2 |  2.6
Poison Magic   | 1 |  1.2
Air Magic      | 1 |  1.1
Fighting       | 2 |  2.0
Short Blades   | |  2.9
Throwing       | |  2.4

Action                   |  1- 3 |  4- 6 || total
-------------------------+-------+-------++-------
Melee: Dagger            |   104 |    90 ||   194
       Punch             |     3 |       ||     3
Throw: Dart              |    20 |    16 ||    36
 Cast: Poisonous Vapours |       |     8 ||     8
  Use: Scroll            |       |    11 ||    11
       Potion            |       |     1 ||     1
 Stab: Sleeping          |    11 |     5 ||    16
Armor: Robe              |    17 |    10 ||    27
Dodge: Dodged            |    77 |    75 ||   152
